 Dungeon Crawl Stone Soup version 0.32-a0-20-ge526923d97 (webtiles) character file.

Game seed: 13387607603805528812

1572 robth the Chopper (level 8, -1/70 HPs)
             Began as a Minotaur Fighter on Jan 17, 2024.
             Was a Follower of Makhleb.
             Succumbed to a gnoll's poison
             ... on level 6 of the Dungeon.
             The game lasted 00:03:35 (4728 turns).

robth the Chopper (Minotaur Fighter)                Turns: 4728, Time: 00:03:36

Health: -1/70      AC:  9    Str: 24    XL:     8   Next: 59%
Magic:  8/8        EV: 11    Int:  5    God:    Makhleb [*.....]
Gold:   159        SH:  6    Dex:  9    Spells: 7/7 levels left

rFire   . . .        a - +0 war axe (elec)
rCold   . . .        c - +1 buckler
rNeg    . . .        b - +0 scale mail
rPois   .            (helmet restricted)
rElec   .            k - +0 cloak
rCorr   .            (no gloves)
SInv    .            (no boots)
Will    .....        (no amulet) Stlth
                     L - ring of flight
HPRegen 0.31/turn    (no ring)
MPRegen 0.11/turn

%: no passive effects
@: lethally poisoned (-1 -> -21), flying
A: horns 2, retaliatory headbutt
a: Renounce Religion


You were on level 6 of the Dungeon.
You worshipped Makhleb.
Makhleb was aware of your devotion.
You visited 2 branches of the dungeon, and saw 7 of its levels.

You collected 159 gold pieces.


Innate Abilities, Weirdness & Mutations

You have a pair of horns on your head.
You reflexively headbutt those who attack you in melee.


   Skills:
 + Level 6.2 Fighting
 * Level 7.7 Axes
 + Level 6.4 Armour
 + Level 4.3 Dodging
 + Level 6.2 Shields
 + Level 2.2 Invocations


You had 7 spell levels left.
You didn't know any spells.
Your spell library contained the following spells:

 Spells                   Type           Power      Damage    Failure   Level
 Summon Small Mammal      Summ           0%         N/A       82%         1
 Call Canine Familiar     Summ           0%         N/A       99%         3
 Summon Blazeheart Golem  Fire/Summ      0%         N/A       100%        4

Inventory:

Hand Weapons
 a - a +0 war axe of electrocution (weapon)
Missiles
 f - 2 javelins (quivered)
 l - 15 poisoned darts
 q - 6 darts of dispersal {=f!f}
 z - 4 boomerangs
Armour
 b - a +0 scale mail (worn)
 c - a +1 buckler (worn)
 k - a +0 cloak (worn)
   (You found it on level 2 of the Dungeon)
Magical Staves
 n - a staff of fire {!a}
   (You found it on level 2 of the Dungeon)
Jewellery
 s - a ring of willpower
   (You found it on level 3 of the Dungeon)
 v - the ring of Elyvilon's Outrage {Wiz rPois}
   (You took it off a goblin on level 4 of the Dungeon)

   [ring of wizardry]

   Wiz:       It improves your spell success rate.
   rPois:     It protects you from poison
 L - a ring of flight (left hand)
   (You found it on level 1 of the Dungeon)
 P - a ring of poison resistance
   (You found it on level 5 of the Dungeon)
Wands
 p - a wand of flame (8)
   (You took it off Terence on level 3 of the Dungeon)
Scrolls
 m - 3 scrolls of teleportation {@r4}
 w - a scroll of blinking {!r}
Potions
 d - 2 potions of might
 e - a potion of magic
 g - a potion of degeneration {unknown}
 h - 2 potions of lignification {!q}
 i - 2 potions of curing {@q1}
 j - 2 potions of mutation {!q}
 r - a potion of experience {unknown}
 t - a potion of cancellation {unknown}
 u - a potion of brilliance {unknown}
 x - a potion of heal wounds {unknown}
 A - 2 potions of enlightenment

Dungeon Overview and Level Annotations

Branches:
Dungeon (6/15) Zot: 24760  Temple (1/1) D:4 Zot: 5989

Altars:
Ashenzari
Dithmenos
Elyvilon
Fedhas
Gozag
Hepliaklqana
Kikubaaqudgha
Makhleb
Nemelex Xobeh
Okawaru
Qazlal
Ru
Sif Muna
Trog
Uskayaw
Vehumet
Yredelemnul
Zin
The Shining One

Shops:
D:1

(
##############
#....@..gz...#
#.##########.#
#.#.....# #.#
#.#.###.# #.#
#.#.# #.# #z#
#...# #.# #.#
##### #.# #)#
#.# #g# #.#
#.#


You could see a wight and a gnoll.


Message History

😕 HP[-3]
You take 3 damage, and now have 58/70 hp.
You struggle against the net.
You feel very sick. The wight closely misses you.
The gnoll hits you but does no damage. The gnoll barely misses you.
You furiously retaliate!
You headbutt the gnoll. 😕 HP[-3]
You take 3 damage, and now have 55/70 hp.
You struggle against the net.
You feel sick. The gnoll hits you but does no damage.
The wight barely misses you. The gnoll hits you but does no damage.
The gnoll hits you with a +1 spear of venom.
You are more poisoned. 😮 HP[-4]
You take 4 damage, and now have 51/70 hp.
You rip the net and break free!
You feel very sick. The gnoll closely misses you. You furiously retaliate!
You headbutt the gnoll!
You kill the gnoll!
Makhleb accepts your kill. You block the gnoll's attack.
You block the wight's attack. The gnoll hits you with a +0 club.
The gnoll hits you with a +1 spear of venom.
You are more poisoned. 😮 HP[-11]
You take 11 damage, and now have 40/70 hp.
You feel very sick. The gnoll attacks as it pursues you!
The gnoll hits you from afar with a +0 halberd!
* * * LOW HITPOINT WARNING * * *
The wight misses you. You block the gnoll's attack.
The gnoll hits you with a +1 spear of venom.
* * * LOW HITPOINT WARNING * * *
Items here: )) [[. 😨 HP[-18]
You take 18 damage, and now have 22/70 hp.
MASSIVE DAMAGE!! (PAUSE)
* * * LOW HITPOINT WARNING * * *
You feel very sick. The gnoll attacks as it pursues you!
You block the gnoll's attack. x2 😨 HP[-4]
You take 4 damage, and now have 18/70 hp.
You feel better. You block the gnoll's attack. The gnoll barely misses you.
You furiously retaliate!
You headbutt the gnoll. The gnoll closely misses you. 😨 HP[+7]
You regained 7 hp, and now have 25/70 hp.
The gnoll attacks as it pursues you! The gnoll hits you but does no damage.
The gnoll attacks as it pursues you! You block the gnoll's attack.
The gnoll is no longer moving quickly.
The gnoll attacks as it pursues you! You block the gnoll's attack.
The gnoll attacks as it pursues you!
The gnoll hits you from afar with a +1 spear of venom.
* * * LOW HITPOINT WARNING * * *
The gnoll closely misses you. 😨 HP[-4]
You take 4 damage, and now have 21/70 hp.
The gnoll is no longer moving quickly. 😨 HP[+1] 😨 HP[+1]
The gnoll attacks as it pursues you! The gnoll hits you with a +0 club.
* * * LOW HITPOINT WARNING * * *
😨 HP[-4]
You take 4 damage, and now have 19/70 hp.
You slash the gnoll!
You kill the gnoll!
Makhleb accepts your kill. 😨 HP[+1]
The gnoll attacks as it pursues you! You block the gnoll's attack.
The gnoll attacks as it pursues you! The gnoll misses you. 😨 HP[+1]
The gnoll attacks as it pursues you! The gnoll hits you but does no damage.
You are poisoned.
You feel very sick. 😨 HP[-3]
You take 3 damage, and now have 18/70 hp.
You feel sick. 😱 HP[-1]
You take 1 damage, and now have 17/70 hp.
You feel sick. The gnoll attacks as it pursues you!
You block the gnoll's attack. 😱 HP[-2]
You take 2 damage, and now have 15/70 hp.
You feel sick.
You see here a howler monkey corpse. 😱 HP[-1]
You take 1 damage, and now have 14/70 hp.
You feel sick. The gnoll attacks as it pursues you!
The gnoll hits you from afar with a +1 spear of venom.
* * * LOW HITPOINT WARNING * * *
You are lethally poisoned! 😱 HP[-6]
You take 6 damage, and now have 8/70 hp.
* * * LOW HITPOINT WARNING * * *
You feel very sick. The gnoll attacks as it pursues you!
The gnoll hits you from afar with a +1 spear of venom.
* * * LOW HITPOINT WARNING * * *
You are more poisoned. 😱 HP[-4]
You take 4 damage, and now have 4/70 hp.
You die...

Skill      XL: |  1  2  3  4  5  6  7  8 |
---------------+-------------------------+-----
Axes           | 3 4 5 6 7 |  7.7
Armour         | 4 5 6 |  6.4
Dodging        | 2 3 4 |  4.3
Shields        | 4 5 6 |  6.2
Fighting       | 4 5 6 |  6.2
Invocations    | 1 2 |  2.2

Action                     |  1- 3 |  4- 6 |  7- 9 || total
---------------------------+-------+-------+-------++-------
  Melee: War axe           |    80 |    86 |   137 ||   303
         Headbutt          |    13 |    12 |    29 ||    54
    Use: Scroll            |     2 |     1 |     8 ||    11
         Potion            |       |       |     1 ||     1
 Armour: Scale mail        |    54 |    67 |    93 ||   214
  Dodge: Dodged            |    36 |    39 |    55 ||   130
  Block: Buckler           |    29 |    29 |    34 ||    92

Levels and vault maps discovered:
D:1:      dpeg_arrival_concentric_ovals, layout_basic, serial_shops,
          nicolae_shop_tiny_glass, minmay_pentomino_q4
D:2:      layout_basic, uniq_sigmund
D:3:      layout_loops_cross, nicolae_ecumenical_oubliette,
          hangedman_decor_push, uniq_terence
D:4:      layout_layer_cave, minmay_temple_entry_ruins
D:5:      cheibrodos_thug_alley, layout_loops_ring,
          chequers_serial_rivers_micro_b
D:6:      layout_basic, uniq_pikel
Temple:   compressed_dpeg_triangle_lava_temple

Notes
Turn   | Place    | Note
-------+----------+-------------------------------------------
     0 | D:1      | robth the Minotaur Fighter began the quest for the Orb.
     0 | D:1      | Reached XP level 1. HP: 19/19 MP: 0/0
     0 | D:1      | magus.rc [v1.11.6]
   133 | D:1      | Reached XP level 2. HP: 20/27 MP: 1/1
   242 | D:1      | Found Paiwa's Antique Weapon Shop.
   254 | D:1      | Reached skill level 3 in Axes
   408 | D:1      | Reached skill level 4 in Armour
   422 | D:1      | Reached XP level 3. HP: 33/33 MP: 2/2
   526 | D:1      | Reached skill level 1 in Dodging
   747 | D:2      | Reached skill level 4 in Shields
   846 | D:2      | Noticed Sigmund
   855 | D:2      | Killed Sigmund
   856 | D:2      | Reached skill level 4 in Fighting
   856 | D:2      | Reached skill level 4 in Axes
   856 | D:2      | Reached skill level 2 in Dodging
   856 | D:2      | Reached XP level 4. HP: 41/41 MP: 3/3
   856 | D:2      | Reached XP level 5. HP: 47/47 MP: 4/4
  1440 | D:2      | You add the spells Summon Small Mammal, Call Canine
                  | Familiar and Summon Blazeheart Golem to your library.
  1649 | D:3      | Found a faded altar of an unknown god.
  1661 | D:3      | Noticed Terence
  1668 | D:3      | Killed Terence
  1669 | D:3      | Reached XP level 6. HP: 41/53 MP: 5/5
  1803 | D:3      | Reached skill level 5 in Axes
  2302 | D:3      | You are sucked into a shaft and drop 3 floors!
  2324 | D:6      | Noticed a water moccasin
  2336 | D:6      | Killed a water moccasin
  2337 | D:6      | Reached skill level 5 in Fighting
  2337 | D:6      | Reached skill level 5 in Armour
  2344 | D:5      | Entered Level 5 of the Dungeon
  2347 | D:5      | Reached skill level 5 in Shields
  2570 | D:4      | Reached skill level 3 in Dodging
  2570 | D:4      | Reached XP level 7. HP: 59/61 MP: 6/6
  2577 | D:4      | Reached skill level 6 in Axes
  2993 | D:4      | Identified the ring of Elyvilon's Outrage {Wiz rPois}
  3034 | D:4      | Found a staircase to the Ecumenical Temple.
  3043 | Temple   | Entered the Ecumenical Temple
  3048 | Temple   | Became a worshipper of Makhleb the Destroyer
  3828 | D:5      | Reached skill level 1 in Invocations
  3961 | D:5      | Reached XP level 8. HP: 58/70 MP: 7/7
  4036 | D:5      | HP: 17/70 [kobold brigand/+0 mace (5)]
  4263 | D:5      | Reached skill level 7 in Axes
  4422 | D:5      | Reached * piety under Makhleb
  4432 | D:5      | Reached skill level 6 in Armour
  4569 | D:5      | Reached skill level 6 in Fighting
  4569 | D:5      | Reached skill level 4 in Dodging
  4665 | D:6      | Reached skill level 6 in Shields
  4692 | D:6      | Reached skill level 2 in Invocations
  4723 | D:6      | HP: 17/70 [poisoned by a gnoll]
  4726 | D:6      | HP: 8/70 [gnoll/+1 spear of venom[a gnoll bouda] (5)]
  4728 | D:6      | Succumbed to a gnoll's poison

Vanquished Creatures
  Sigmund (D:2)
  A water moccasin (D:6)
  A black bear (D:4)
  An ogre (D:5)
  2 kobold brigands (D:5)
  A scorpion (D:5)
  4 wights (D:6)
  2 howler monkeys
  2 hounds (D:5)
  3 bombardier beetles (D:4)
  A gnoll bouda (D:6)
  A sleepcap (D:5)
  Terence (D:3)
  3 orc priests
  2 iguanas (D:5)
  2 orc wizards (D:5)
  3 gnolls (D:6)
  8 adders
  2 ufetubi (D:5)
  A ribbon worm (D:2)
  5 dart slugs
  8 orcs
  5 endoplasms
  9 giant cockroaches
  6 goblins
  9 hobgoblins
  3 jackals (D:1)
  4 quokkas
  6 ball pythons
  5 bats
  3 frilled lizards
  18 kobolds
  6 rats
129 creatures vanquished.

Table legend:
 A = Non-vault XP
 B = Vault XP
 C = Vault XP percentage of total XP
 D = Non-vault monster count
 E = Vault monster count
 F = Vault count percentage of total count
                 A         B        C        D         E       F
            +---------+---------+-------+---------+---------+-------
      Total |    1862 |     384 |  17.1 |     115 |      14 |  10.9
            +---------+---------+-------+---------+---------+-------
        D:1 |      49 |       7 |  12.5 |      28 |       4 |  12.5
        D:2 |      79 |     231 |  74.5 |      16 |       1 |   5.9
        D:3 |      88 |      38 |  30.2 |      20 |       1 |   4.8
        D:4 |     388 |       0 |   0.0 |      21 |       0 |   0.0
        D:5 |     670 |     108 |  13.9 |      20 |       8 |  28.6
        D:6 |     588 |       0 |   0.0 |      10 |       0 |   0.0
            +---------+---------+-------+---------+---------+-------

Skill      XL: |  1  2  3  4  5  6  7  8 |
---------------+-------------------------+-----
Axes           | 3 4 5 6 7 |  7.7
Armour         | 4 5 6 |  6.4
Dodging        | 2 3 4 |  4.3
Shields        | 4 5 6 |  6.2
Fighting       | 4 5 6 |  6.2
Invocations    | 1 2 |  2.2

Action                     |  1- 3 |  4- 6 |  7- 9 || total
---------------------------+-------+-------+-------++-------
  Melee: War axe           |    80 |    86 |   137 ||   303
         Headbutt          |    13 |    12 |    29 ||    54
    Use: Scroll            |     2 |     1 |     8 ||    11
         Potion            |       |       |     1 ||     1
 Armour: Scale mail        |    54 |    67 |    93 ||   214
  Dodge: Dodged            |    36 |    39 |    55 ||   130
  Block: Buckler           |    29 |    29 |    34 ||    92

Illustrated notes

Table legend:
 A = Kills in this place as a percentage of kills in the entire game.
 B = Kills by you in this place as a percentage of kills by you in the entire game.
 C = Kills by friends in this place as a percentage of kills by friends in the entire game.
 D = Other kills in this place as a percentage of other kills in the entire game.
 E = Experience gained in this place as a percentage of experience gained in the entire game.
 F = Experience gained in this place divided by the number of levels of this place that you have seen.
                   A       B       C       D       E      F
               +-------+-------+-------+-------+-------+----------------------
         Total | 100.0 | 100.0 |   N/A |   N/A | 100.0 | 320.9
       Dungeon | 100.0 | 100.0 |   N/A |   N/A | 100.0 | 374.3
               +-------+-------+-------+-------+-------+----------------------

Table legend: (Time is in decaauts)
 A = Elapsed time spent in this place.
 B = Non-inter-level travel time spent in this place.
 C = Inter-level travel time spent in this place.
 D = Time resting spent in this place.
 E = Time spent auto-exploring this place.
 F = Levels seen in this place.
 G = Mean time per level.
                   A        B        C        D        E       F      G
               +--------+--------+--------+--------+--------+-----+--------+
         Total |   4808 |   4595 |    213 |      0 |   3814 |   7 |  686.9 |
       Dungeon |   4798 |   4590 |    208 |      0 |   3814 |   6 |  799.7 |
        Temple |     10 |      5 |      5 |      0 |      0 |   1 |   10.0 |
               +--------+--------+--------+--------+--------+-----+--------+

Top non-repeatable levels by time:
     D:5: 1184 daAuts
     D:2: 929 daAuts
     D:3: 928 daAuts
     D:4: 857 daAuts
     D:1: 756 daAuts
     D:6: 141 daAuts
  Temple: 10 daAuts
